 Dungeon Crawl Stone Soup version 0.31-a0-1278-g11c5b68f87 (webtiles) character file.

Game seed: 9272672563976528356

7613 grandjackal the Fighter (level 10, -3/85 HPs)
             Began as a Demonspawn Gladiator on Dec 17, 2023.
             Was a Believer of Dithmenos.
             Slain by a warg (7 damage)
             ... on level 10 of the Dungeon.
             The game lasted 00:12:31 (8031 turns).

grandjackal the Fighter (Demonspawn Gladiator)      Turns: 8031, Time: 00:12:32

Health: -3/85      AC: 11    Str: 20    XL:     10   Next: 98%
Magic:  10/10      EV: 12    Int: 16    God:    Dithmenos [**....]
Gold:   438        SH:  0    Dex: 24    Spells: 9/9 levels left

rFire   . . .        M - +1 dagger (venom)
rCold   . . .        (no shield)
rNeg    . . .        g - +0 scale mail
rPois   .            u - +2 hood of the Assassin {Detect Stab+ Stlth++}
rElec   .            K - +0 cloak
rCorr   .            n - +0 pair of gloves
SInv    .            w - +0 pair of boots
Will    .....        (no amulet) Stlth *+++++++++
                     q - +6 ring of intelligence
HPRegen 0.34/turn    y - +6 ring of strength
MPRegen 0.12/turn

%: no passive effects
@: hasted, wreathed by umbra, very quick
A: horns 1, thin skeletal structure 3, powered by death 1, spiny 2
a: Renounce Religion, Shadow Step


You were on level 10 of the Dungeon.
You worshipped Dithmenos.
Dithmenos was pleased with you.
You visited 2 branches of the dungeon, and saw 11 of its levels.
You also visited: Sewer.

You collected 438 gold pieces.

Inventory:

Hand Weapons
 l - a +1 long sword of electrocution
 I - a +1 long sword of flaming
 M - a +1 dagger of venom (weapon)
Missiles
 d - a throwing net (quivered)
 e - a javelin
Armour
 c - a +0 helmet
 g - a +0 scale mail (worn)
 n - a +0 pair of gloves (worn)
 u - the +2 hood of the Assassin (worn) {Detect Stab+ Stlth++}
   (You found it on level 3 of the Dungeon)

   Detect:    It allows the wearer to sense nearby creatures.
   Stab+:     It allows the wearer to make particularly effective stabbing
   attacks against helpless or unaware enemies with any weapon.
   Stlth++:   It makes you much more stealthy.
 w - a +0 pair of boots (worn)
 K - a +0 cloak (worn)
Jewellery
 q - a +6 ring of intelligence (left hand)
 y - a +6 ring of strength (right hand)
Wands
 F - a wand of charming (11)
 J - a wand of acid (10)
Scrolls
 f - 3 scrolls of enchant armour {unknown}
 h - 2 scrolls of noise {unknown}
 i - a scroll of brand weapon {unknown}
 j - 2 scrolls of immolation {unknown}
 k - 2 scrolls of fog {unknown}
 o - 3 scrolls of vulnerability {unknown}
 p - a scroll of fear {unknown}
 t - 9 scrolls of identify {unknown}
 v - a scroll of acquirement {unknown}
 B - a scroll of amnesia {unknown}
 H - a scroll of poison {unknown}
 L - a scroll of revelation {unknown}
Potions
 a - a potion of enlightenment {unknown}
 b - a potion of haste
 m - a potion of magic {unknown}
 r - 4 potions of brilliance
 s - a potion of degeneration {unknown}
 x - 3 potions of lignification {unknown}
 z - 3 potions of cancellation {unknown}
 A - a potion of mutation {unknown}
 C - 2 potions of curing {unknown}
 D - a potion of berserk rage {unknown}
 E - 2 potions of ambrosia
 G - a potion of heal wounds


   Skills:
 + Level 10.2 Fighting
 + Level 9.4 Long Blades
 - Level 2.0 Throwing
 - Level 3.3 Dodging
 + Level 9.5 Stealth


You had 9 spell levels left.
You didn't know any spells.
Your spell library contained the following spells:

 Spells                   Type           Power      Damage    Failure   Level
 Sting                    Tmut/Pois      0%         1d3       58%         1
 Blink                    Tloc           0%         N/A       75%         2
 Poisonous Vapours        Pois/Air       0%         N/A       75%         2
 Static Discharge         Conj/Air       0%         3-3/arc   75%         2
 Wereblood                Tmut           0%         N/A       75%         2
 Airstrike                Air            0%         2d(0-16)  100%        4
 Manifold Assault         Tloc           0%         N/A       100%        4
 Olgreb's Toxic Radiance  Pois           0%         N/A       100%        4
 Summon Lightning Spire   Summ/Air       0%         N/A       100%        4
 Irradiate                Conj/Tmut      0%         3d11      100%        5


Dungeon Overview and Level Annotations

Branches:
Dungeon (10/15)            Temple (1/1) D:5            Lair (0/5) D:10
  Sewer (visited)
    Orc: D:9-12

Altars:
Ashenzari
Cheibriados
Dithmenos
Fedhas
Hepliaklqana
Kikubaaqudgha
Makhleb
Nemelex Xobeh
Okawaru
Qazlal
Ru
Sif Muna
Uskayaw
Vehumet
Wu Jian
Xom
Yredelemnul

Annotations:
D:7 2 transporters, timneilson's ghost, novice OpSh


Innate Abilities, Weirdness & Mutations

You have a pair of small horns on your head.
You have an unnaturally thin skeletal structure. (Dex +6, Stealth+++)
You regenerate a little health from kills.
You are mostly covered in sharp spines.


Message History

The orc priest invokes the aid of Beogh against you.
Beogh smites you! The warg bites you. The wolf attacks as it pursues you!
The wolf bites you!
The orc wizard gestures wildly while chanting.
The orc wizard flickers and vanishes!
Deactivating autopickup; reactivate with Ctrl-A.
The warg is struck by your spines. The warg bites you but does no damage.
The wolf is struck by your spines. The wolf bites you but does no damage.
The warg attacks as it pursues you! The warg barely misses you.
The warg bites you! The wolf is struck by your spines.
The wolf barely misses you.
The orc priest looks satisfied for a moment.
The warg bites you!
The orc priest miscasts a cantrip.
You kill the orc priest!
Dithmenos accepts your kill. The warg attacks as it pursues you!
The warg is struck by your spines. The warg bites you! The warg bites you!!
* * * LOW HITPOINT WARNING * * *
The orc priest looks encouraged for a moment.
The warg attacks as it pursues you! The warg closely misses you.
Things that are here:
a +0 club; an orc corpse The warg barely misses you.
The warg attacks as it pursues you! The warg bites you.
* * * LOW HITPOINT WARNING * * *
The warg attacks as it pursues you! The warg is struck by your spines.
The warg bites you.
* * * LOW HITPOINT WARNING * * *
The warg is struck by your spines. The warg bites you but does no damage.
You feel much better. The warg is struck by your spines. The warg bites you!
* * * LOW HITPOINT WARNING * * *
The warg bites you!
* * * LOW HITPOINT WARNING * * *
You feel yourself speed up. The warg bites you.
* * * LOW HITPOINT WARNING * * *
The warg bites you!
You die...

#.#########
#{{........
#..########
#..#
#)O#######
#.)..{.{.#
##)#####h#
#.# #h# #.#
#@# #.# #.#
#.# #.# #.#
#.# #.# #.#
#.# #.#
#.#####.#
#.....#.#
######.#.##


You could see a warg and a wolf.

Vanquished Creatures
  Pikel (D:9)
  Maurice (D:8)
  Maggie (D:7)
  Psyche (D:8)
  3 trolls
  A hornet (D:9)
  Prince Ribbit (D:9)
  A wraith (D:9)
  4 yaks (D:9)
  2 wyverns
  2 steam dragons
  Duvessa (D:7)
  An ice beast (D:7)
  4 orc warriors
  3 sky beasts
  2 black bears
  5 centaurs
  2 ogres
  4 phantoms
  3 lemures (D:9)
  A kobold brigand (D:7)
  4 bullfrogs
  A gnoll sergeant (D:6)
  2 scorpions (D:4)
  Dowan (D:7)
  12 killer bees
  2 jellies
  A hound (D:4)
  8 orc priests
  A sleepcap (D:6)
  11 orc wizards
  2 iguanas
  11 adders
  2 river rats (Sewer)
  2 ufetubi (D:7)
  A worm (Sewer)
  3 dart slugs
  38 orcs
  7 endoplasms
  4 giant cockroaches
  5 goblins
  8 hobgoblins
  8 jackals
  5 quokkas
  11 ball pythons
  5 bats
  13 frilled lizards
  12 kobolds
  16 rats
240 creatures vanquished.

Notes
Turn   | Place    | Note
-------+----------+-------------------------------------------
     0 | D:1      | grandjackal the Demonspawn Gladiator began the quest for
                  | the Orb.
     0 | D:1      | Reached XP level 1. HP: 16/16 MP: 1/1
   205 | D:1      | Gained mutation: You are partially covered in sharp spines.
                  | [demonic ancestry]
   205 | D:1      | Reached XP level 2. HP: 22/22 MP: 2/2
   622 | D:2      | Gained mutation: You regenerate a little health from kills.
                  | [demonic ancestry]
   622 | D:2      | Reached XP level 3. HP: 28/28 MP: 3/3
  1038 | D:2      | Reached skill level 3 in Fighting
  1189 | D:2      | Gained mutation: You have a somewhat thin skeletal
                  | structure. (Dex +2, Stealth+) [demonic ancestry]
  1189 | D:2      | Reached XP level 4. HP: 35/35 MP: 4/4
  1239 | D:3      | Found the +2 hood of the Assassin {Detect Stab+ Stlth++}
  1467 | D:3      | Found a glowing drain.
  1498 | Sewer    | Entered a sewer
  1513 | Sewer    | Reached skill level 1 in Stealth
  1646 | Sewer    | Gained mutation: You have a moderately thin skeletal
                  | structure. (Dex +4, Stealth++) [demonic ancestry]
  1646 | Sewer    | Reached XP level 5. HP: 41/41 MP: 5/5
  1811 | D:3      | Noticed a phantom
  1825 | D:3      | Killed a phantom
  1876 | D:3      | Found a stormy altar of Qazlal.
  1881 | D:3      | Found a snail-covered altar of Cheibriados.
  2560 | D:4      | Reached skill level 4 in Fighting
  2605 | D:4      | Gained mutation: You have an unnaturally thin skeletal
                  | structure. (Dex +6, Stealth+++) [demonic ancestry]
  2605 | D:4      | Reached XP level 6. HP: 48/48 MP: 6/6
  2768 | D:4      | Found a hazy altar of Hepliaklqana.
  2773 | D:4      | Found a broken altar of Ashenzari.
  3073 | D:4      | Gained mutation: You are mostly covered in sharp spines.
                  | [demonic ancestry]
  3073 | D:4      | Reached XP level 7. HP: 55/55 MP: 7/7
  3137 | D:5      | Entered Level 5 of the Dungeon
  3163 | D:5      | Found a staircase to the Ecumenical Temple.
  3170 | Temple   | Entered the Ecumenical Temple
  3175 | Temple   | Became a worshipper of Dithmenos the Shadowed
  3350 | D:5      | Reached skill level 5 in Fighting
  3413 | D:5      | Reached skill level 5 in Long Blades
  3880 | D:6      | Reached * piety under Dithmenos
  3944 | D:6      | Reached XP level 8. HP: 38/64 MP: 8/8
  4056 | D:6      | Reached skill level 6 in Fighting
  4154 | D:6      | Reached skill level 5 in Stealth
  4425 | D:6      | Reached skill level 7 in Fighting
  4605 | D:7      | Reached XP level 9. HP: 6/72 MP: 9/9
  5132 | D:7      | Noticed Maggie
  5134 | D:7      | Noticed a troll
  5157 | D:7      | Killed a troll
  5313 | D:7      | Noticed Duvessa
  5314 | D:7      | Noticed Dowan
  5318 | D:7      | Killed Duvessa
  5323 | D:7      | Killed Dowan
  5350 | D:7      | Reached ** piety under Dithmenos
  5487 | D:7      | Killed Maggie
  5488 | D:7      | Reached skill level 8 in Fighting
  5820 | D:7      | Noticed a queen bee
  5824 | D:7      | Found a transporter.
  5828 | D:7      | Found a transporter.
  5828 | D:7      | Noticed timneilson's ghost (novice OpSh)
  6084 | D:7      | Found a shimmering altar of Xom.
  6434 | D:8      | Noticed Maurice
  6440 | D:8      | Killed Maurice
  6441 | D:8      | Gained mutation: You have a pair of small horns on your
                  | head. [demonic ancestry]
  6441 | D:8      | Reached XP level 10. HP: 82/82 MP: 10/10
  6572 | D:8      | Noticed Psyche
  6579 | D:8      | Killed Psyche
  6580 | D:8      | Reached skill level 9 in Fighting
  6898 | D:9      | Noticed Pikel
  6965 | D:9      | Killed Pikel
  7088 | D:9      | Noticed Prince Ribbit
  7095 | D:9      | Killed Prince Ribbit
  7347 | D:9      | Reached skill level 10 in Fighting
  7893 | D:10     | Entered Level 10 of the Dungeon
  7993 | D:10     | Found a staircase to the Lair.
  8010 | D:10     | Noticed a two-headed ogre
  8030 | D:10     | HP: 4/85 [warg (4)]
  8031 | D:10     | Slain by a warg

Illustrated notes

Levels and vault maps discovered:
D:1:      matt_arrival_grand_opening, layout_basic
D:2:      layout_basic
D:3:      layout_basic, nicolae_overflow_squiral, portal_sewer_entry_a,
          minmay_lizard_king
D:4:      layout_loops_ring, jmf_multi_god_temple
D:5:      layout_basic, temple_fountains
D:6:      layout_rooms, minmay_between
D:7:      layout_basic, marbit_many_paths, gammafunk_ghost_hive,
          grunt_decor_junction, uniq_maggie, uniq_duvessa
D:8:      layout_rooms, uniq_psyche, uniq_maurice
D:9:      layout_irregular_city, uniq_pikel, uniq_prince_ribbit1
D:10:     layout_loops_ring, grunt_gozag_breadcrumbs,
          mainiacjoe_overflow_brackets, erik_lair_orcish_takeover, enter_trove_5
Temple:   minmay_freezing_vapour_temple

Skill      XL: |  1  2  3  4  5  6  7  8  9 10 |
---------------+-------------------------------+-----
Throwing       | 2 |  2.0
Long Blades    | 3 4 5 6 8 9 |  9.4
Dodging        | 3 |  3.3
Fighting       | 3 4 5 7 8 10 | 10.2
Stealth        | 1 2 3 4 6 8 9 |  9.5

Action                     |  1- 3 |  4- 6 |  7- 9 | 10-12 || total
---------------------------+-------+-------+-------+-------++-------
  Melee: Long sword        |    88 |    87 |    10 |     2 ||   187
         Punch             |     1 |       |     4 |     2 ||     7
         Dagger            |       |    36 |   205 |   114 ||   355
         Headbutt          |       |       |       |    30 ||    30
  Throw: Throwing net      |       |       |     3 |     2 ||     5
    Use: Potion            |       |       |     4 |     2 ||     6
   Stab: Sleeping          |       |    17 |    26 |    15 ||    58
         Distracted        |       |     1 |     1 |       ||     2
         Held in net/web   |       |       |     2 |     1 ||     3
 Armour: Ring mail         |    16 |       |       |       ||    16
         Scale mail        |    26 |    48 |   149 |    80 ||   303
  Dodge: Dodged            |    48 |    36 |   104 |    77 ||   265

Table legend: (Time is in decaauts)
 A = Elapsed time spent in this place.
 B = Non-inter-level travel time spent in this place.
 C = Inter-level travel time spent in this place.
 D = Time resting spent in this place.
 E = Time spent auto-exploring this place.
 F = Levels seen in this place.
 G = Mean time per level.
                   A        B        C        D        E       F      G
               +--------+--------+--------+--------+--------+-----+--------+
         Total |   8037 |   7862 |    175 |   1268 |   4834 |  12 |  669.8 |
       Dungeon |   7720 |   7545 |    175 |   1249 |   4706 |  10 |  772.0 |
        Temple |     10 |     10 |      0 |      0 |      0 |   1 |   10.0 |
         Sewer |    305 |    305 |      0 |     19 |    128 |   1 |  305.0 |
               +--------+--------+--------+--------+--------+-----+--------+

Top non-repeatable levels by time:
     D:7: 1535 daAuts
     D:9: 1056 daAuts
     D:3: 966 daAuts
     D:6: 802 daAuts
     D:4: 711 daAuts
     D:5: 704 daAuts
     D:1: 631 daAuts
     D:2: 609 daAuts
     D:8: 570 daAuts
   Sewer: 305 daAuts
    D:10: 132 daAuts
  Temple: 10 daAuts
